 Dungeon Crawl Stone Soup version 0.20.0-9-g8272e65 (webtiles) character file.

147428 Chiseanne the Acrobat (level 16, -16/86 HPs)
             Began as a Spriggan Transmuter on June 2, 2017.
             Was an Elder of Ru.
             Killed from afar by a thorn hunter (27 damage)
             ... with a volley of thorns
             ... on level 4 of the Swamp on June 3, 2017.
             The game lasted 02:46:57 (48476 turns).

Chiseanne the Acrobat (Spriggan Transmuter)        Turns: 48476, Time: 02:46:57

Health: -16/86     AC: 26    Str: 10    XL:     16   Next: 62%
Magic:  0/25       EV: 28    Int: 15    God:    Ru [****..]
Gold:   563        SH: 13    Dex: 22    Spells: 10/26 levels left

rFire    x . .     SeeInvis +   a - +9 flail (protect)
rCold    + + .     Gourm    .   e - +3 buckler {rN+}
rNeg     + . .     Faith    .   Q - +10 ice dragon scales "Toewet" {rElec rF- rC++ Dex+3}
rPois    +         Spirit   +   S - +2 hat
rElec    +         Reflect  .   C - +1 cloak {MR+}
rCorr    +         Harm     .   (gloves unavailable)
MR       +++..                  (boots unavailable)
Stlth    ..........             n - amulet of guardian spirit
Regen    0.3/turn               y - ring of resist corrosion
MPRegen  0.2/turn               D - ring of poison resistance (curse)

@: very slightly contaminated, drained, very quick
A: unfitting armour, see invisible, herbivore 3, speed 3, slow metabolism 2, no
stealth, hated by all, inexperienced 1
}: 1/15 runes: decaying
a: Sacrifice Purity, Sacrifice Courage, Sacrifice Essence, Reject Sacrifices,
Draw Out Power, Power Leap, Renounce Religion


You were on level 4 of the Swamp.
You worshipped Ru.
Ru was greatly pleased with you.
You were not hungry.

You visited 4 branches of the dungeon, and saw 27 of its levels.
You visited 1 bazaar.
You also visited: Labyrinth, Ossuary and Ice Cave.

You collected 4405 gold pieces.
You spent 3842 gold pieces at shops.

Inventory:

Hand Weapons
 a - a +9 flail of protection (weapon)
 d - a +2 rapier of venom
 l - a +4 rapier of electrocution
 s - a +9 scimitar of flaming
 w - a +0 blowgun
Missiles
 h - 10 sling bullets
 k - 59 bolts
 o - 12 curare-tipped needles
 O - 84 poisoned needles
Armour
 e - a +3 buckler of positive energy (worn)
 C - a +1 cloak of magic resistance (worn)
 Q - the +10 ice dragon scales "Toewet" (worn) {rElec rF- rC++ Dex+3}
   (You found it in an ice cave)

   It affects your dexterity (+3).
   It makes you vulnerable to fire.
   It greatly protects you from cold.
   It insulates you from electricity.
 S - a +2 hat (worn)
Jewellery
 n - an amulet of guardian spirit (around neck)
 u - an uncursed ring of flight
 y - a ring of resist corrosion (left hand)
 B - an uncursed ring of protection from cold
 D - a cursed ring of poison resistance (right hand)
Wands
 z - a wand of confusion (33/48)
 E - a wand of clouds (6/9)
Scrolls
 f - a scroll of fear
 j - 9 scrolls of teleportation
 m - 11 scrolls of remove curse
 v - 18 scrolls of identify
 x - 3 scrolls of fog
 V - 4 scrolls of magic mapping
Potions
 b - a potion of invisibility
 c - 2 potions of brilliance
 i - 7 potions of curing
 p - 6 potions of flight
 q - a potion of resistance
 Y - a potion of cancellation
Miscellaneous
 t - a fan of gales
Comestibles
 A - 12 bread rations
 G - 23 royal jellies


   Skills:
 - Level 10.4(10.0) Fighting
 - Level 7.4(7.0) Maces & Flails
 + Level 8.5(8.1) Armour
 - Level 21.7(21.2) Dodging
 - Level 12.6(12.2) Shields
 - Level 2.4(2.0) Unarmed Combat
 - Level 5.6(5.2) Spellcasting
 - Level 6.2(5.9) Transmutations


You had 10 spell levels left.
You knew the following spells:

 Your Spells              Type           Power        Failure   Level  Hunger
b - Sticks to Snakes      Tmut           ###.....     16%         2    ##.....
c - Spider Form           Tmut/Pois      ##........   69%         3    ###....
d - Blade Hands           Tmut           ###.......   95%         5    ######.
e - Passwall              Tmut/Erth      ##........   45%         2    ##.....
f - Regeneration          Chrm/Necr      #.........   98%         3    ###....
g - Apportation           Tloc           #.....       75%         1    None


Dungeon Overview and Level Annotations

Branches:
Dungeon (15/15)            Temple (0/1) D:6            Lair (6/6) D:10
  Swamp (4/4) Lair:4       Spider (0/4) Lair:4        Slime (0/5) Lair:5
    Orc (2/2) D:10            Elf (0/3) Orc:2        Vaults (0/5) D:14
 Depths (0/5) D:15

Altars:
Ashenzari
Cheibriados
Elyvilon
Fedhas
Gozag
Kikubaaqudgha
Nemelex Xobeh
Ru
Sif Muna
Vehumet
Xom
Yredelemnul
Zin
Beogh
Jiyva

Shops:
D:7 }([*!   Orc:2 ?!!}

Annotations:
D:3 Kosschaser's ghost, amateur HOBe
Lair:5 exclusion: oklob plant, Nr616's ghost, journeyman MiGl
Swamp:1 exclusion: Roxanne, Roxanne
Orc:2 exclusion: 2 upstairs


Innate Abilities, Weirdness & Mutations

You are very small and have problems with some larger weapons.
You are too small for most types of armour.
You have supernaturally acute eyesight. (SInv)
You are a herbivore.
You cover ground extremely quickly.
You need consume almost no food.
You cannot be stealthy.
You are hated by all.
You are somewhat inexperienced. (-2 XL)


Message History

The six-headed hydra barely misses you.
You block the six-headed hydra's attack.
The six-headed hydra bites you.
* * * LOW HITPOINT WARNING * * *
The bog body begins to cast a spell, but is stunned by your will!
As you read the scroll of teleportation, it crumbles to dust.
You feel strangely unstable.
Found a whip.
As you read the scroll of fear, it crumbles to dust.
You assume a fearsome visage.
The bog body is unaffected.
The six-headed hydra looks frightened!
The tyrant leech looks frightened!
Your surroundings suddenly seem different.
A six-headed hydra comes into view.
The six-headed hydra roars!
A swamp dragon comes into view.
The swamp dragon roars deafeningly!
A thorn hunter comes into view.
The thorn hunter fires a volley of thorns at you.
The volley of thorns hits you!
You die...

≈....≈......≈≈..≈..≈≈..♣≈.≈≈.♣≈♣♣
§≈....≈.§≈..≈.†≈.....≈.....≈..≈.♣
...≈≈.≈≈....≈..≈≈≈≈.≈..≈≈.≈≈≈....
..≈..≈.≈.........≈§..≈≈§≈...≈...≈
≈....≈..≈..≈.......♣.≈≈.....♣≈.≈♣
.≈≈≈...≈..≈≈♣♣..♣♣.≈.≈≈.......≈≈♣
≈*♣≈≈≈...n♣♣♣♣♣♣♣♣♣......§..≈≈≈..
**♣♣♣♣..≈♣♣ #####♣♣♣..PPP..♣.≈.≈
## #.≈.# *#≈f@#* ♣.≈PPf.≈.≈..♣
P## #.≈.# *♣.n≈≈≈# ♣..PP..[♣..≈≈
PP♣###≈.n###DD..w.♣ ♣.≈PP...≈...♣
k§§##...≈≈###≈≈≈.≈# ♣♣♣...≈...≈♣♣
PP##...♣≈§.###.≈≈##♣♣.♣.....≈≈♣.♣
P##≈.#####≈.###≈≈# ♣.≈.......♣≈.≈
##.≈##...##≈≈##.≈♣#♣♣..≈.♣≈≈≈...♣
#≈.##.....##..#≈..# ♣♣§..≈≈..≈.≈≈
#≈≈#D≈.≈≈≈.#≈≈##≈w# ♣..≈.♣.♣..§.♣


You could see a thorn hunter, a six-headed hydra, a swamp dragon, a bog body and
a swamp worm.

Vanquished Creatures
  Nikola (Swamp:2)
  Jorgrun (Swamp:2)
  Gastronok (Lair:2)
  Kirke (Swamp:3)
  Azrael (D:12)
  An ettin (D:15)
  A minotaur (Lab)
  An ogre mage (Orc:2)
  Fannar (Lair:1)
  A catoblepas (D:13)
  15 hydras
  Erica (D:8)
  18 two-headed ogres
  A ghost crab (Swamp:2)
  7 centaur warriors
  6 alligators
  A tengu warrior (D:15)
  Sonja (Lair:2)
  A skeletal warrior (D:14)
  A deep elf knight (D:14)
  A fire crab (Lair:4)
  7 unseen horrors
  2 spriggan druids
  4 swamp dragons
  A deep troll (Orc:2)
  3 orc knights
  2 wolf spider zombies
  3 orc sorcerers
  A harpy (shapeshifter) (D:14)
  3 deep elf magi (D:14)
  2 manticores (D:15)
  2 ugly things
  5 cyclopes
  6 elephants
  Joseph (D:8)
  10 black mambas
  A gargoyle (D:11)
  Psyche (D:8)
  6 centaur skeletons
  22 spiny frogs
  A kobold demonologist (D:13)
  An efreet (D:15)
  The ghost of Darkell the Chiller, a novice DsIE of Kikubaaqudgha (D:7)
  2 rime drakes
  8 komodo dragons
  3 jumping spiders (Lair:4)
  2 queen bees
  4 polar bears
  3 meliai (D:15)
  15 trolls
  2 tyrant leeches
  23 slime creatures
  16 hornets
  8 bog bodies
  8 dream sheep
  8 blink frogs
  6 hippogriffs
  27 spriggans
  A shadow (D:13)
  3 redbacks (Lair:4)
  5 fire elementals (D:12)
  A wraith (D:13)
  2 wyverns
  7 humans (Swamp:3)
  A vampire (D:12)
  4 basilisks
  A chaos spawn (D:9)
  27 yaks
  2 hungry ghosts
  A steam dragon (D:10)
  9 vampire mosquitoes
  18 swamp worms
  An acid dragon (D:12)
  A soldier ant (D:12)
  9 water moccasins
  5 wargs
  A hell hound (D:12)
  3 porcupines
  22 orc warriors
  21 ice beasts
  6 swamp drakes
  2 sky beasts
  A hornet zombie (D:14)
  2 eyes of draining
  22 ogres
  6 boggarts
  4 black bears
  25 wolves
  17 centaurs
  An elf zombie (Ossuary)
  15 crocodiles
  5 big kobolds
  17 bullfrogs
  2 wyvern zombies
  2 wyvern skeletons
  3 scorpions
  A water moccasin skeleton (D:10)
  37 killer bees
  An electric eel (Lair:4)
  A howler monkey (D:10)
  A lava snake (D:15)
  4 centaur zombies
  7 crimson imps
  3 jellies
  3 hounds
  A human zombie (Ossuary)
  4 iguanas
  18 orc priests
  2 bullfrog skeletons
  26 orc wizards
  4 hell rats (Lair:4)
  7 worker ants
  A big kobold zombie (Ossuary)
  4 hound zombies (Ossuary)
  A hound skeleton (D:9)
  4 mummies (Ossuary)
  A howler monkey zombie (D:8)
  2 gnolls
  11 adders
  7 shadow imps
  2 oozes
  4 adder skeletons
  2 adder zombies
  2 dart slugs
  2 leopard geckos
  83 orcs
  10 bats
  9 giant cockroaches
  6 goblins
  15 hobgoblins
  5 jackals (D:2)
  4 quokkas
  3 frilled lizards
  2 goblin zombies
  A jackal zombie (Ossuary)
  7 kobolds
  A quokka zombie (D:5)
  11 rats
  A fungus (Lair:6)
879 creatures vanquished.

Vanquished Creatures (collateral kills)
  A catoblepas (Lair:3)
  4 blink frogs (Lair:1)
  A quasit (D:5)
6 creatures vanquished.

Vanquished Creatures (others)
  An ettin (Orc:1)
  Erolcha (D:12)
  An alligator (Swamp:4)
  2 two-headed ogres
  2 ogre magi
  A centaur zombie (D:12)
  A spiny frog (Lair:3)
  A komodo dragon (Lair:5)
  A yaktaur (D:13)
  A hornet (Swamp:2)
  A tyrant leech (Swamp:4)
  Prince Ribbit (D:6)
  A dream sheep (Lair:4)
  A slime creature (D:13)
  A blink frog (Lair:6)
  A yak (Lair:1)
  A basilisk (Lair:5)
  A hungry ghost (D:14)
  2 vampire mosquitoes
  A swamp worm (Swamp:3)
  A swamp drake (Swamp:2)
  2 orc warriors
  5 ogres
  2 crocodiles
  2 bullfrogs
  A killer bee (D:15)
  A howler monkey (D:10)
  An orc wizard (D:14)
  An orc (Orc:2)
  An orc zombie (Ossuary)
  A rat zombie (Ossuary)
  4 briar patches (Swamp:4)
  11 fungi
  5 plants
61 creatures vanquished.

Grand Total: 946 creatures vanquished

Notes
Turn   | Place    | Note
-------+----------+-------------------------------------------
     0 | D:1      | Chiseanne the Spriggan Transmuter began the quest for the Orb.
     0 | D:1      | Reached XP level 1. HP: 9/9 MP: 5/5
    60 | D:1      | Reached skill level 1 in Fighting
   478 | D:1      | Reached XP level 2. HP: 14/14 MP: 4/6
  1003 | D:1      | Reached XP level 3. HP: 18/18 MP: 6/8
  1354 | D:2      | Reached skill level 4 in Dodging
  2832 | D:2      | Reached XP level 4. HP: 17/23 MP: 7/10
  3118 | D:2      | Learned a level 2 spell: Sticks to Snakes
  3122 | D:2      | Learned a level 3 spell: Spider Form
  3783 | D:2      | Found a sparkling altar of Nemelex Xobeh.
  3852 | D:2      | Found a blossoming altar of Fedhas.
  5411 | D:3      | Reached XP level 5. HP: 6/26 MP: 10/12
  5461 | D:3      | Noticed Kosschaser's ghost (amateur HOBe)
  6585 | D:4      | Noticed a phantom
  7244 | D:4      | Found a sacrificial altar of Ru.
  7252 | D:4      | Became a worshipper of Ru the Awakened
  7451 | D:5      | Entered Level 5 of the Dungeon
  7610 | D:5      | Reached skill level 5 in Dodging
  7610 | D:5      | Reached XP level 6. HP: 18/32 MP: 0/13
  7773 | D:5      | Noticed an ice beast
  7941 | D:5      | Reached skill level 5 in Transmutations
  7984 | D:5      | Found an opulent altar of Gozag.
  8065 | D:5      | Found a sand-covered staircase.
  8072 | Ossuary  | Entered an ossuary
  9198 | Ossuary  | Reached skill level 5 in Spellcasting
  9198 | Ossuary  | Reached XP level 7. HP: 8/36 MP: 6/15
 10082 | D:5      | Reached skill level 6 in Dodging
 10302 | D:5      | Gained mutation: You are somewhat inexperienced. (-2 XL) [Ru sacrifice]
 10302 | D:5      | Reached XP level 6. HP: 32/32 MP: 14/14
 10302 | D:5      | Reached XP level 5. HP: 28/28 MP: 13/13
 10302 | D:5      | Reached * piety under Ru
 10302 | D:5      | Reached ** piety under Ru
 10522 | D:5      | Noticed an ogre
 10735 | D:6      | Learned a level 5 spell: Blade Hands
 10758 | D:6      | Found a staircase to the Ecumenical Temple.
 10791 | D:6      | Noticed Prince Ribbit
 10796 | D:6      | Found a basalt altar of Yredelemnul.
 10817 | D:6      | Killed Prince Ribbit
 10817 | D:6      | Reached XP level 6. HP: 31/32 MP: 4/15
 10936 | D:6      | Found a snail-covered altar of Cheibriados.
 11115 | D:6      | Reached skill level 1 in Shields
 11553 | D:6      | Reached XP level 7. HP: 15/36 MP: 10/16
 12073 | D:7      | Noticed Darkell's ghost (novice DsIE)
 12079 | D:7      | Found Kesk's Distillery.
 12121 | D:7      | Found a shattered altar of Ashenzari.
 12135 | D:7      | Found Daneacvaenku's Antique Weapon Emporium.
 12144 | D:7      | Bought a twisted flail for 229 gold pieces
 12147 | D:7      | Identified the cursed +2 flail of Ilegic {vamp, rElec rPois rF+ Int-4} (You bought it in a shop on level 7 of the Dungeon)
 12163 | D:7      | Found Ilout's Antique Armour Boutique.
 12173 | D:7      | Bought a cloak for 117 gold pieces
 12180 | D:6      | Found a white marble altar of Elyvilon.
 12279 | D:7      | Found Caifoica's Gadget Shoppe.
 12333 | D:7      | Found Boul's Assorted Antiques.
 12742 | D:7      | Found a glowing silver altar of Zin.
 12779 | D:8      | Noticed Joseph
 12781 | D:8      | Noticed Psyche
 12801 | D:8      | Noticed Erica
 12919 | D:9      | Learned a level 2 spell: Passwall
 12998 | D:9      | Noticed a hungry ghost
 13142 | D:9      | Found a shimmering altar of Xom.
 13144 | D:9      | Noticed a chaos spawn
 13146 | D:9      | Noticed a chaos spawn
 13309 | D:8      | Noticed a hippogriff
 13324 | D:8      | Reached XP level 8. HP: 32/40 MP: 14/17
 13330 | D:8      | Killed a hippogriff
 13330 | D:8      | Reached skill level 5 in Shields
 13368 | D:8      | Killed Psyche
 13683 | D:8      | Gained mutation: You cannot be stealthy. [Ru sacrifice]
 13683 | D:8      | Reached *** piety under Ru
 13864 | D:8      | Noticed a queen bee
 13871 | D:8      | Reached XP level 9. HP: 36/44 MP: 18/18
 13893 | D:8      | Killed Erica
 13974 | D:8      | Reached skill level 7 in Dodging
 14341 | D:8      | Killed Joseph
 14341 | D:8      | Reached skill level 8 in Dodging
 14356 | D:8      | Killed a queen bee
 14988 | D:9      | Found Juasez's Magic Scroll Shoppe.
 15257 | D:9      | Reached skill level 9 in Dodging
 15273 | D:10     | Entered Level 10 of the Dungeon
 15380 | D:10     | Reached XP level 10. HP: 51/51 MP: 19/19
 15536 | D:10     | Found a staircase to the Orcish Mines.
 15544 | D:10     | Reached skill level 5 in Fighting
 15660 | D:10     | Found a staircase to the Lair.
 15698 | D:10     | You fall through a shaft for 3 floors!
 15715 | D:13     | Noticed an unseen horror
 15751 | D:13     | Killed an unseen horror
 15751 | D:13     | Reached skill level 10 in Dodging
 15974 | D:13     | Reached skill level 11 in Dodging
 16007 | D:11     | Noticed a gargoyle
 16008 | D:11     | Noticed a two-headed ogre
 16013 | D:11     | Noticed a two-headed ogre
 16045 | D:11     | Noticed a cyan ugly thing
 16321 | D:10     | Noticed a two-headed ogre
 16335 | D:10     | Killed a two-headed ogre
 16448 | D:10     | Reached skill level 12 in Dodging
 16516 | D:10     | Learned a level 1 spell: Summon Butterflies
 16857 | Lair:1   | Entered Level 1 of the Lair of Beasts
 16857 | Lair:1   | Found a labyrinth entrance.
 16879 | Lab      | Entered a labyrinth
 17270 | Lab      | Noticed an unseen horror
 17273 | Lab      | Noticed an unseen horror
 17285 | Lab      | Killed an unseen horror
 17285 | Lab      | Reached XP level 11. HP: 57/58 MP: 20/20
 17297 | Lab      | Killed an unseen horror
 17759 | Lab      | Noticed a minotaur
 17773 | Lab      | Killed a minotaur
 17779 | Lab      | Got a transparent steel ring
 17781 | Lab      | Got a twisted dagger
 17786 | Lair:1   | Identified the ring "Sirott" {MP+9 Str+4} (You found it in a labyrinth)
 17787 | Lair:1   | Identified the cursed +1 dagger of Gravity {freeze, *Slow rElec Dex+4} (You found it in a labyrinth)
 18115 | Lair:1   | Reached skill level 13 in Dodging
 18394 | Lair:1   | Got a scorched turquoise ring
 18428 | Lair:1   | Identified the ring "Tuynt" {*Tele Str+2} (You found it on level 1 of the Lair of Beasts)
 19262 | Lair:2   | Noticed Fannar
 19337 | Lair:1   | Killed Fannar
 19599 | Lair:2   | Reached skill level 14 in Dodging
 19614 | Lair:2   | Noticed Gastronok
 19634 | Lair:2   | Noticed Sonja
 19647 | Lair:2   | Killed Gastronok
 19647 | Lair:2   | Reached XP level 12. HP: 65/65 MP: 21/21
 19668 | Lair:2   | Killed Sonja
 20413 | Lair:3   | Learned a level 3 spell: Regeneration
 20979 | Lair:3   | Noticed an eight-headed hydra
 20993 | Lair:3   | Killed an eight-headed hydra
 20993 | Lair:3   | Reached skill level 15 in Dodging
 21250 | Lair:3   | Noticed a catoblepas
 21278 | Lair:3   | Killed a catoblepas
 22747 | Lair:4   | Reached skill level 10 in Shields
 23725 | Lair:4   | Found a staircase to the Swamp.
 23984 | Lair:4   | Found a hole to the Spider Nest.
 24143 | Lair:5   | Got a fine trident
 24258 | Lair:5   | Reached skill level 10 in Fighting
 24726 | Lair:1   | Reached skill level 16 in Dodging
 24846 | D:9      | Bought a scroll of acquirement for 676 gold pieces
 24850 | D:9      | Bought a scroll of recharging for 123 gold pieces
 24850 | D:9      | Bought 2 scrolls of enchant weapon for 195 gold pieces
 24854 | D:9      | Bought a scroll of teleportation for 39 gold pieces
 24854 | D:9      | Bought a scroll of teleportation for 39 gold pieces
 24854 | D:9      | Bought a scroll of teleportation for 39 gold pieces
 24854 | D:9      | Bought a scroll of magic mapping for 45 gold pieces
 24854 | D:9      | Bought a scroll of identify for 26 gold pieces
 24854 | D:9      | Bought a scroll of identify for 26 gold pieces
 24858 | D:9      | Bought 3 scrolls of enchant armour for 292 gold pieces
 24923 | D:7      | Killed Darkell's ghost
 25060 | D:7      | Bought 2 potions of heal wounds for 140 gold pieces
 25060 | D:7      | Bought a potion of curing for 42 gold pieces
 25060 | D:7      | Bought a potion of curing for 42 gold pieces
 25073 | D:7      | Bought a potion of invisibility for 112 gold pieces
 25073 | D:7      | Bought a potion of agility for 56 gold pieces
 25073 | D:7      | Bought a potion of flight for 42 gold pieces
 25424 | Lair:4   | Reached XP level 13. HP: 57/72 MP: 17/22
 25756 | Lair:5   | Noticed Nr616's ghost (journeyman MiGl)
 26030 | Lair:5   | Found a viscous altar of Jiyva.
 26030 | Lair:5   | Found a staircase to the Slime Pits.
 26833 | Lair:6   | Entered Level 6 of the Lair of Beasts
 26942 | Lair:6   | Found a frozen archway.
 26951 | IceCv    | Entered an ice cave
 27166 | IceCv    | Got bronze ice dragon scales
 27394 | Lair:5   | Identified the +10 ice dragon scales "Toewet" {rElec rF- rC++ Dex+3} (You found it in an ice cave)
 27520 | Lair:5   | Learned a level 1 spell: Apportation
 27875 | Lair:5   | Reached skill level 1 in Maces & Flails
 28378 | Lair:5   | Gained mutation: You are hated by all. [Ru sacrifice]
 28378 | Lair:5   | Reached **** piety under Ru
 28434 | Lair:6   | Reached skill level 17 in Dodging
 29665 | Lair:6   | Reached XP level 14. HP: 39/77 MP: 14/23
 30850 | D:11     | Reached skill level 18 in Dodging
 31654 | D:12     | Reached skill level 5 in Maces & Flails
 31735 | D:12     | Found a snail-covered altar of Cheibriados.
 31737 | D:12     | Noticed Erolcha
 31753 | D:12     | Killed Erolcha
 32445 | D:12     | Noticed Azrael
 33306 | D:14     | Found a flickering gateway to a bazaar.
 33326 | Bazaar   | Entered a bazaar
 33343 | Bazaar   | Found Qozyhai's Jewellery Shoppe.
 33343 | Bazaar   | Found Siuriety's Book Emporium.
 33364 | Bazaar   | Found Tamorako's Armour Shoppe.
 33364 | Bazaar   | Found Vumoimn's Antique Armour Emporium.
 33374 | Bazaar   | Bought a glowing buckler for 97 gold pieces
 33396 | Bazaar   | Found Conil's Gadget Emporium.
 33457 | Bazaar   | Bought a runed robe for 48 gold pieces
 33496 | Bazaar   | Bought a cursed amulet of inaccuracy for 28 gold pieces
 33496 | Bazaar   | Bought a cursed ring of loudness for 63 gold pieces
 34056 | D:14     | Reached skill level 19 in Dodging
 35081 | D:14     | Found a gate to the Vaults.
 35239 | D:15     | Entered Level 15 of the Dungeon
 35424 | D:15     | Reached XP level 15. HP: 47/81 MP: 15/24
 36987 | D:15     | Found a staircase to the Depths.
 37313 | D:12     | Killed Azrael
 37467 | D:11     | Reached skill level 20 in Dodging
 37509 | D:9      | Bought a scroll of amnesia for 45 gold pieces
 37583 | D:9      | Found an ancient bone altar of Kikubaaqudgha.
 37589 | D:9      | Found a deep blue altar of Sif Muna.
 37617 | D:9      | Identified Sif Muna's Disquisition on the Escort
 37629 | D:9      | Found a radiant altar of Vehumet.
 37787 | Orc:1    | Entered Level 1 of the Orcish Mines
 37935 | Orc:1    | Found a roughly hewn altar of Beogh.
 37996 | Orc:2    | Entered Level 2 of the Orcish Mines
 38435 | Orc:2    | Found a staircase to the Elven Halls.
 38516 | Orc:1    | Noticed an orc warlord
 38662 | Orc:2    | Found Lomufepi's Distillery.
 39779 | Orc:2    | Reached skill level 21 in Dodging
 39844 | Orc:2    | Found Raloma's Gadget Shop.
 39846 | Orc:2    | Found Atrul's Magic Scroll Emporium.
 39848 | Orc:2    | Bought a potion of ambrosia for 128 gold pieces
 39855 | Orc:2    | Found Mesosea's Distillery.
 40705 | Orc:2    | Noticed an orc warlord
 41398 | Orc:2    | Bought a potion of resistance for 150 gold pieces
 42598 | Orc:2    | Bought a scroll of teleportation for 51 gold pieces
 42598 | Orc:2    | Bought a scroll of blinking for 127 gold pieces
 42598 | Orc:2    | Bought a scroll of teleportation for 51 gold pieces
 42598 | Orc:2    | Bought a scroll of blinking for 127 gold pieces
 42598 | Orc:2    | Bought a scroll of teleportation for 51 gold pieces
 42598 | Orc:2    | Bought a scroll of teleportation for 51 gold pieces
 43001 | Orc:2    | Bought a scroll of enchant weapon for 127 gold pieces
 43142 | D:7      | Bought a shiny jade ring for 135 gold pieces
 43142 | D:7      | Bought a scroll of fear for 94 gold pieces
 43142 | D:7      | Bought a potion of heal wounds for 135 gold pieces
 43142 | D:7      | Bought a scroll of identify for 54 gold pieces
 43337 | Swamp:1  | Entered Level 1 of the Swamp
 43447 | Swamp:1  | Reached skill level 1 in Armour
 43827 | Swamp:1  | Noticed Roxanne
 44857 | Swamp:2  | Reached XP level 16. HP: 83/86 MP: 25/25
 45006 | Swamp:2  | Noticed Nikola
 45048 | Swamp:2  | Killed Nikola
 45469 | Swamp:3  | Noticed Jorgrun
 45921 | Swamp:2  | Killed Jorgrun
 45921 | Swamp:2  | Reached skill level 5 in Armour
 46317 | Swamp:3  | Noticed Kirke
 46337 | Swamp:3  | Killed Kirke
 47643 | Swamp:4  | Entered Level 4 of the Swamp
 47643 | Swamp:4  | Noticed a thorn hunter
 48413 | Swamp:4  | Noticed a thorn hunter
 48416 | Swamp:4  | Got a decaying rune of Zot
 48476 | Swamp:4  | Killed from afar by a thorn hunter

Skill      XL: |  1  2  3  4  5  6  7  8  9 10 11 12 13 14 15 16 |
---------------+-------------------------------------------------+-----
Fighting       | 1 2 3 4 7 8 10 | 10.4
Spellcasting   | 3 4 5 |  5.6
Transmutations | 3 4 6 5 |  6.2
Dodging        | 4 5 6 9 12 14 16 17 19 21 | 21.7
Shields        | 2 4 6 8 9 10 11 12 | 12.6
Maces & Flails | 4 6 7 |  7.4
Armour         | 3 8 |  8.5
Unarmed Combat | |  2.4

Action                   |  1- 3 |  4- 6 |  7- 9 | 10-12 | 13-15 | 16-18 || total
-------------------------+-------+-------+-------+-------+-------+-------++-------
Melee: Unarmed           |   215 |   550 |    82 |       |       |       ||   847
       Kick              |    21 |    96 |    23 |       |       |       ||   140
       Headbutt          |    12 |    51 |     1 |       |       |       ||    64
       Punch             |     1 |     2 |     1 |       |       |       ||     4
       Flail             |       |    62 |   304 |   911 |  2913 |   480 ||  4670
       Scimitar          |       |       |       |       |    27 |   101 ||   128
       Rapier            |       |       |       |       |    45 |    61 ||   106
 Fire: Blowgun           |       |       |       |       |       |     8 ||     8
Throw: Tomahawk          |       |     3 |     2 |     6 |       |       ||    11
 Cast: Beastly Appendage |    35 |    71 |     9 |       |       |       ||   115
       Sticks to Snakes  |       |    10 |       |    16 |    12 |       ||    38
Invok: Sacrifice Experie |       |     1 |       |       |       |       ||     1
       Sacrifice Stealth |       |       |     1 |       |       |       ||     1
       Reject Sacrifices |       |       |       |     1 |     2 |       ||     3
       Draw Out Power    |       |       |       |     1 |       |     1 ||     2
       Sacrifice Love    |       |       |       |       |     1 |       ||     1
Evoke: Wand              |       |       |       |    33 |    16 |       ||    49
       Phial of floods   |       |       |       |     1 |       |       ||     1
  Use: Scroll            |     4 |    14 |    13 |    23 |    15 |     6 ||    75
       Potion            |       |     3 |     5 |     8 |     9 |     5 ||    30
 Stab: Sleeping          |       |     1 |     1 |       |       |       ||     2
       Invisible         |       |     1 |     3 |     1 |    10 |     4 ||    19
       Distracted        |       |     1 |       |     9 |    20 |     4 ||    34
       Petrifying        |       |       |       |     1 |       |       ||     1
       Confused          |       |       |       |       |     2 |       ||     2
  Eat: Bread ration      |       |     1 |     1 |     1 |       |       ||     3
       Royal jelly       |       |     1 |       |     2 |     9 |       ||    12
       Fruit             |       |       |       |     5 |    14 |       ||    19
Armor: Robe              |    18 |    52 |    39 |    68 |   110 |       ||   287
       Acid dragon scale |       |       |       |       |   125 |       ||   125
       Ice dragon scales |       |       |       |       |    46 |   183 ||   229
Dodge: Dodged            |   197 |   510 |   316 |   948 |  2850 |   742 ||  5563
Block: Buckler           |       |    39 |   204 |   656 |  2167 |   511 ||  3577
       Rpst.: Scimitar   |       |       |       |       |     6 |    38 ||    44
